 Dungeon Crawl Stone Soup version 0.31-a0-1612-g4aaf141004 (webtiles) character file.

Game seed: 12815519243363457775

28 Skitler the Poker (level 3, 0/28 HPs)
             Began as a Merfolk Gladiator on Apr 24, 2021.
             Slain by an endoplasm (1 damage)
             ... on level 1 of the Dungeon on Jan 9, 2024.
             The game lasted 00:03:19 (589 turns).

Skitler the Poker (Merfolk Gladiator)                Turns: 589, Time: 00:03:19

Health: 0/28       AC:  4    Str: 16    XL:     3   Next: 12%
Magic:  3/3        EV: 13    Int:  7    God:
Gold:   26         SH:  0    Dex: 15    Spells: 2/2 levels left

rFire   . . .        a - +0 trident
rCold   . . .        (no shield)
rNeg    . . .        b - +0 leather armour
rPois   .            c - +0 helmet
rElec   .            (no cloak)
rCorr   .            (no gloves)
SInv    .            (no boots)
Will    .....        (no amulet)
Stlth   +            (no ring)
HPRegen 0.24/turn    (no ring)
MPRegen 0.08/turn

%: no passive effects
@: no status effects
A: (nimble swimmer 2), mertail
a: no special abilities


You were on level 1 of the Dungeon.
You visited 1 branch of the dungeon, and saw 1 of its levels.

You collected 26 gold pieces.

Inventory:

Hand Weapons
 a - a +0 trident (weapon)
Missiles
 d - 3 throwing nets (quivered)
Armour
 b - a +0 leather armour (worn)
 c - a +0 helmet (worn)
Scrolls
 e - 3 scrolls of amnesia {unknown}
 f - a scroll of revelation {unknown}


   Skills:
 * Level 2.6 Fighting
 * Level 4.9 Polearms
 - Level 2.0 Throwing
 + Level 4.1 Dodging
 * Level 0.9 Invocations


You had 2 spell levels left.
You didn't know any spells.
Your spell library contained the following spells:

 Spells                   Type           Power      Damage    Failure   Level
 Animate Skeleton         Necr           0%         N/A       50%         1
 Apportation              Tloc           0%         N/A       50%         1
 Corona                   Hex            0%         N/A       50%         1
 Summon Small Mammal      Summ           0%         N/A       50%         1


Dungeon Overview and Level Annotations

Branches:
Dungeon (1/15)

Altars:


Innate Abilities, Weirdness & Mutations

((You are very nimble when in or above water. (Stealth+, EV+, Speed+++)))
Your lower body shifts to a powerful aquatic tail in water.


Message History

You puncture the kobold!
You kill the kobold!
The giant cockroach bites you but does no damage.
The endoplasm hits you but does no damage.
The giant cockroach misses you.
You barely miss the giant cockroach.
The endoplasm hits you but does no damage.
The giant cockroach misses you.
You closely miss the giant cockroach. The giant cockroach misses you.
The endoplasm freezes you.
You are frozen.
You puncture the giant cockroach!
You kill the giant cockroach!
The endoplasm hits you.
* * * LOW HITPOINT WARNING * * *
The endoplasm closely misses you.
The endoplasm hits you but does no damage.
The endoplasm hits you but does no damage.
The endoplasm freezes you.
You are frozen.
* * * LOW HITPOINT WARNING * * *
The endoplasm barely misses you. The endoplasm hits you.
* * * LOW HITPOINT WARNING * * *
The endoplasm barely misses you. The endoplasm closely misses you.
The endoplasm freezes you.
You are frozen.
* * * LOW HITPOINT WARNING * * *
The endoplasm closely misses you. The endoplasm barely misses you.
The endoplasm misses you. The endoplasm misses you. The endoplasm freezes you.
You are frozen.
* * * LOW HITPOINT WARNING * * *
The endoplasm hits you but does no damage.
The endoplasm hits you but does no damage.
The endoplasm hits you.
You die...

#.# #.# .# #J# #.#
.# ##+###.# #.# .#
##...##.# #.# .#
##..)..#.###.###.#
##...!....[.......#
#.........###....##
'.).......'....)J.#
#.........###...@##
##.......## #.#.##
###.....## #....#
...#...## #....#
##.##+## ##...# #.
##.## #. #.# #.


You could see an endoplasm.

Vanquished Creatures
  A gnoll (D:1)
  2 ball pythons (D:1)
  4 bats (D:1)
  An endoplasm (D:1)
  A giant cockroach (D:1)
  A goblin (D:1)
  A hobgoblin (D:1)
  2 kobolds (D:1)
  A quokka (D:1)
  2 rats (D:1)
16 creatures vanquished.

Notes
Turn   | Place    | Note
-------+----------+-------------------------------------------
     0 | D:1      | Skitler the Merfolk Gladiator began the quest for the Orb.
     0 | D:1      | Reached XP level 1. HP: 16/16 MP: 1/1
    38 | D:1      | Found a faded altar of an unknown god.
   414 | D:1      | Reached XP level 2. HP: 23/23 MP: 2/2
   430 | D:1      | Reached skill level 5 in Polearms
   566 | D:1      | Upgraded the game from 0.27-a0-1071-ga85bd9520d to
                  | 0.31-a0-1612-g4aaf141004
   566 | D:1      | Reached XP level 3. HP: 11/28 MP: 3/3
   586 | D:1      | HP: 1/28 [frozen (5)]
   589 | D:1      | Slain by an endoplasm

Illustrated notes

Levels and vault maps discovered:
D:1:      dpeg_arrival_rooms_b, layout_loops_corners,
          ebering_ecumenical_altar_petrified

Skill      XL: |  1  2 |
---------------+-------+-----
Polearms       | 4 |  4.9
Fighting       | |  2.6
Throwing       | |  2.0
Dodging        | |  4.1
Invocations    | |  0.9

Action                     || total
---------------------------++-------
  Melee: Trident           ||    52
   Stab: Sleeping          ||     1
 Armour: Leather armour    ||    37
  Dodge: Dodged            ||    72

Table legend: (Time is in decaauts)
 A = Elapsed time spent in this place.
 B = Non-inter-level travel time spent in this place.
 C = Inter-level travel time spent in this place.
 D = Time resting spent in this place.
 E = Time spent auto-exploring this place.
 F = Levels seen in this place.
 G = Mean time per level.
                   A        B        C        D        E       F      G
               +--------+--------+--------+--------+--------+-----+--------+
         Total |    591 |    581 |     10 |      0 |    449 |   1 |  591.0 |
       Dungeon |    591 |    581 |     10 |      0 |    449 |   1 |  591.0 |
               +--------+--------+--------+--------+--------+-----+--------+

Top non-repeatable levels by time:
     D:1: 591 daAuts
